 Dungeon Crawl Stone Soup version 0.17-a0-1769-g54adf96 (webtiles) character file.

49 TruthSerum the Cudgeler (level 3, -3/42 HPs)
             Began as an Ogre Berserker on Sept 8, 2015.
             Was a Believer of Trog.
             Killed from afar by Natasha (6 damage)
             ... with a magic dart
             ... on level 3 of the Dungeon.
             The game lasted 00:05:10 (1912 turns).

TruthSerum the Cudgeler (Ogre Berserker)            Turns: 1912, Time: 00:05:11

Health: -3/42      AC:  3    Str: 22    XL:     3   Next: 77%
Magic:  3/3        EV: 10    Int:  6    God:    Trog [**....]
Gold:   115        SH:  0    Dex: 10    Spells: 0 memorised, 2 levels left

rFire  . . .     SeeInvis .     a - +0 mace
rCold  . . .     Clarity  .     b - +0 animal skin
rNeg   . . .     SustAt   .     (no shield)
rPois  .         Gourm    .     (helmet restricted)
rElec  .         Spirit   .     (no cloak)
rCorr  .         Warding  .     (gloves unavailable)
rMut   .         Stasis   .     (boots unavailable)
MR     .....                    (no amulet)
Stlth  +.........               (no ring)
                                (no ring)

@: not resistant to hostile enchantments, very unstealthy
A: unfitting armour, blurry vision 1, mutation resistance 1, tough skin 1
a: Burn Spellbooks, Berserk, Trog's Hand, Renounce Religion


You were on level 3 of the Dungeon.
You worshipped Trog.
Trog was pleased with you.
You were not hungry.

You visited 1 branch of the dungeon, and saw 3 of its levels.

You collected 115 gold pieces.

Inventory:

Hand weapons
 a - a +0 mace (weapon)
Armour
 b - a +0 animal skin (worn)
Scrolls
 d - a scroll of fear
 g - 3 scrolls of remove curse {unknown}
 l - 2 scrolls of fog {unknown}
 m - 2 scrolls of immolation {unknown}
Potions
 f - 2 potions of resistance
 i - a potion of agility {unknown}
 j - a potion of flight {unknown}
Comestibles
 c - 3 bread rations
 k - a chunk of flesh
 n - a beef jerky


   Skills:
 + Level 5.0 Fighting
 + Level 5.2 Maces & Flails
 - Level 2.6 Dodging


You had 2 spell levels left.
You didn't know any spells.

Dungeon Overview and Level Annotations

Branches:
Dungeon (3/15)

Altars:
Cheibriados

Annotations:
D:3 Natasha


Innate Abilities, Weirdness & Mutations

You are too large for most types of armour.
You have tough skin (AC +1).
Scrolls take you a little longer to read.
You are somewhat resistant to further mutation.


Message History

You hit Natasha.
Natasha is lightly wounded.
Natasha claws you!
* * * LOW HITPOINT WARNING * * *
Some of the chunks of flesh in your inventory have rotted away.
You hit Natasha.
Natasha is moderately wounded.
Natasha stares at you and mumbles some strange words.
You resist with some effort.
You closely miss Natasha.
Natasha is moderately wounded.
Natasha stares at thin air and mumbles some strange words.
A cloud of flames roars to life!
You hit Natasha.
Natasha is severely wounded.
Natasha mumbles some strange words.
You feel disoriented. Natasha casts a spell at you. The magic dart hits you!
You die...

..!............
#..#
.g.h..[........
##.#
...............
#.#
...............
#.#
...............
#.# #.....# #..
#.....# ##.
#########h....#
#.
......ยง.@.....#
##
.########.....#
# ....<...)...#
####
.###.#......#
#... ..
#.###+######
#.## ##
#.###.......
#.....######.
#####........
.##
#............
#...


You could see Natasha.

Vanquished Creatures
  An adder (D:2)
  2 worms
  A giant gecko (D:2)
  An orc (D:3)
  A ball python (D:3)
  8 bats
  3 giant cockroaches
  6 goblins
  2 hobgoblins
  2 quokkas (D:2)
  A giant newt (D:2)
  3 kobolds
  A rat (D:2)
32 creatures vanquished.

Vanquished Creatures (others)
  7 toadstools (D:1)
7 creatures vanquished.

Grand Total: 39 creatures vanquished

Notes
Turn   | Place    | Note
--------------------------------------------------------------
     0 | D:1      | TruthSerum the Ogre Berserker began the quest for the Orb.
     0 | D:1      | Reached XP level 1. HP: 24/24 MP: 1/1
   217 | D:1      | Reached XP level 2. HP: 21/32 MP: 2/2
   527 | D:1      | Found a snail-covered altar of Cheibriados.
  1118 | D:2      | Acquired Trog's second power
  1118 | D:2      | Reached XP level 3. HP: 35/40 MP: 3/3
  1257 | D:2      | Reached skill level 5 in Maces & Flails
  1767 | D:2      | Gained mutation: You are somewhat resistant to further mutation. [potion of mutation]
  1767 | D:2      | Gained mutation: Scrolls take you a little longer to read. [potion of mutation]
  1802 | D:3      | Reached skill level 5 in Fighting
  1900 | D:3      | Noticed Natasha
  1909 | D:3      | HP: 2/42 [Natasha (8)]
  1912 | D:3      | Killed from afar by Natasha

Vault maps used:
D:1:      nagdon_arrival_double_spiral, cheibriados_altar_1
D:2:      first_bread
D:3:      lemuel_doored_altar, uniq_natasha

Action                   || total
-------------------------++-------
Melee: Mace              ||   119
  Use: Scroll            ||     3
       Potion            ||     1
 Stab: Sleeping          ||     1
  Eat: Chunk             ||     3
